 Dungeon Crawl Stone Soup version 0.30.1-4-g462c640d31 (webtiles) character file.

Game seed: 4503622046955729899

529 arthad the Chopper (level 7, -1/62 HPs)
             Began as a Minotaur Berserker on Aug 19, 2023.
             Was a Priest of Trog.
             Slain by a black bear (6 damage)
             ... on level 5 of the Dungeon.
             The game lasted 00:05:17 (3461 turns).

arthad the Chopper (Minotaur Berserker)             Turns: 3461, Time: 00:05:18

Health: -1/62      AC:  2    Str: 24    XL:     7   Next: 3%
Magic:  0/6        EV: 12    Int:  4    God:    Trog [***...]
Gold:   204        SH:  0    Dex:  9    Spells: 6/6 levels left

rFire   + . .        a - +0 hand axe
rCold   + . .        (no shield)
rNeg    . . .        b - +0 animal skin
rPois   .            (helmet restricted)
rElec   .            (no cloak)
rCorr   .            (no gloves)
SInv    .            (no boots)
Will    ++...        r - amulet "Bobumuf" {Spirit rF+ rC+}
Stlth   +            (no ring)
HPRegen 1.30/turn    (no ring)
MPRegen 0.10/turn

%: clarity, guardian spirit
@: strong-willed (expiring), on berserk cooldown, flying, regenerating
(expiring), slowed, very slow
A: horns 2, retaliatory headbutt, clarity, high MP 1, no potion heal 1,
MP-powered wands
a: Renounce Religion, Berserk, Trog's Hand


You were on level 5 of the Dungeon.
You worshipped Trog.
Trog was most pleased with you.
You visited 1 branch of the dungeon, and saw 5 of its levels.

You collected 204 gold pieces.

Inventory:

Hand Weapons
 a - a +0 hand axe (weapon)
Missiles
 h - 6 boomerangs (quivered)
 k - 17 poisoned darts
 y - 5 javelins
Armour
 b - a +0 animal skin (worn)
Jewellery
 f - an amulet of reflection
 r - the amulet "Bobumuf" (around neck) {Spirit rF+ rC+}
   (You found it on level 2 of the Dungeon)

   [amulet of guardian spirit]

   It causes incoming damage to be divided between your reserves of health and
   magic.
   rF:        It protects you from fire.
   rC:        It protects you from cold.
 A - a ring of positive energy
 B - an amulet of faith
Wands
 p - a wand of iceblast (10)
 w - a wand of flame (22)
Scrolls
 d - 4 scrolls of identify {unknown}
 e - a scroll of poison {unknown}
 g - 2 scrolls of amnesia {unknown}
 i - 2 scrolls of fear {unknown}
 j - 3 scrolls of teleportation {unknown}
 l - 3 scrolls of blinking {unknown}
 m - a scroll of noise {unknown}
 q - a scroll of enchant armour {unknown}
 s - a scroll of acquirement {unknown}
 u - a scroll of summoning {unknown}
 v - a scroll of fog {unknown}
 C - 2 scrolls of enchant weapon {unknown}
Potions
 c - a potion of flight
 n - 2 potions of mutation
 o - 2 potions of might {unknown}
 t - 3 potions of curing
 x - 2 potions of cancellation {unknown}
 z - 2 potions of berserk rage {unknown}
 D - a potion of degeneration {unknown}


   Skills:
 * Level 5.9 Fighting
 * Level 5.9 Axes
 + Level 1.7 Throwing
 + Level 3.9 Armour
 + Level 3.6 Dodging
 + Level 1.6 Evocations


You had 6 spell levels left.
You didn't know any spells.
Your spell library was empty.

Dungeon Overview and Level Annotations

Branches:
Dungeon (5/15)             Temple (0/1) D:4

Altars:
Fedhas
Zin

Shops:
D:4 *


Innate Abilities, Weirdness & Mutations

You have a pair of horns on your head.
You reflexively headbutt those who attack you in melee.
You possess an exceptional clarity of mind.
You have an increased reservoir of magic. (+10% MP)
Potions are less effective at restoring your health.
You expend magic power (3 MP) to strengthen your wands.


Message History

The orc closely misses you.
You barely miss the black bear.
The black bear is lightly wounded.
You hit the iguana. You hit the orc.
You feel the effects of Trog's Hand fading.
The iguana misses you. You furiously retaliate!
You headbutt the iguana! The orc hits you with a +0 dagger.
The black bear bites you. The black bear claws you.
* * * LOW HITPOINT WARNING * * *
The black bear barely misses you.
It was a potion of curing.
You feel better. The iguana barely misses you.
The orc hits you with a +0 dagger. The black bear bites you!
* * * LOW HITPOINT WARNING * * *
The black bear claws you.
* * * LOW HITPOINT WARNING * * *
The black bear misses you. The iguana closely misses you.
The black bear closely misses you. You furiously retaliate!
You headbutt the black bear! The black bear claws you.
* * * LOW HITPOINT WARNING * * *
The black bear barely misses you. The orc barely misses you.
It was a potion of mutation.
You feel extremely strange.
Your system partially rejects the healing effects of potions.
You feel more energetic.
You feel your magical essence link to the dungeon's wands.
Your thoughts seem clearer.
The iguana misses you. You furiously retaliate!
You headbutt the iguana, but do no damage.
The orc hits you with a +0 dagger.
* * * LOW HITPOINT WARNING * * *
The black bear bites you.
* * * LOW HITPOINT WARNING * * *
The black bear claws you.
* * * LOW HITPOINT WARNING * * *
The black bear completely misses you.
It was a potion of flight.
You feel very buoyant.
You fly up into the air.
The iguana bites you.
* * * LOW HITPOINT WARNING * * *
The black bear bites you!
You die...

.. ... ##.##...
.......#
###.#...# ##.
....!... ...
#.#...# ..
#....l##.#####
#...h@oh.....
#.##.##.#.##.
#.####.#).##.#!
#.....<†........
######.#.###....
#..... ...
###.##.. . #.#
... #.# ##


You could see 2 black bears, an iguana and an orc.

Vanquished Creatures
  A sky beast (D:5)
  A kobold brigand (D:3)
  A hound (D:5)
  An orc priest (D:3)
  2 iguanas
  Ijyb (D:3)
  3 orc wizards
  3 adders
  2 worms
  A dart slug (D:1)
  3 orcs (D:3)
  6 bats
  4 endoplasms
  A giant cockroach (D:1)
  13 goblins
  12 hobgoblins
  11 jackals
  3 quokkas
  9 ball pythons
  6 frilled lizards
  8 kobolds
  8 rats
100 creatures vanquished.

Vanquished Creatures (others)
  An orc wizard (D:5)
1 creature vanquished.

Grand Total: 101 creatures vanquished

Notes
Turn   | Place    | Note
-------+----------+-------------------------------------------
     0 | D:1      | arthad the Minotaur Berserker began the quest for the Orb.
     0 | D:1      | Reached XP level 1. HP: 19/19 MP: 0/0
   136 | D:1      | Reached XP level 2. HP: 27/27 MP: 1/1
   428 | D:1      | Reached XP level 3. HP: 33/33 MP: 2/2
   428 | D:1      | Reached ** piety under Trog
  1006 | D:2      | Found a faded altar of an unknown god.
  1554 | D:2      | Identified the amulet "Bobumuf" {Spirit rF+ rC+}
  1792 | D:3      | Found a blossoming altar of Fedhas.
  1793 | D:3      | You fall into a shaft and drop 1 floor!
  1984 | D:3      | Noticed a kobold brigand
  1993 | D:3      | Killed a kobold brigand
  1994 | D:3      | Reached XP level 4. HP: 41/41 MP: 1/3
  2055 | D:3      | Reached XP level 5. HP: 24/47 MP: 2/4
  2243 | D:3      | Noticed Ijyb
  2258 | D:3      | Killed Ijyb
  2259 | D:3      | Reached skill level 5 in Axes
  2401 | D:3      | Reached skill level 5 in Fighting
  2401 | D:3      | Reached skill level 1 in Evocations
  2409 | D:3      | Reached skill level 1 in Throwing
  2975 | D:4      | Found a staircase to the Ecumenical Temple.
  3068 | D:4      | Reached XP level 6. HP: 53/56 MP: 5/5
  3085 | D:4      | Found Cecyeg's Serpentskin Sales.
  3210 | D:4      | Reached *** piety under Trog
  3300 | D:4      | Found a glowing silver altar of Zin.
  3430 | D:5      | Entered Level 5 of the Dungeon
  3430 | D:5      | Noticed a sky beast
  3436 | D:5      | Killed a sky beast
  3456 | D:5      | Reached XP level 7. HP: 33/62 MP: 4/6
  3460 | D:5      | Gained mutation: Potions are less effective at restoring
                  | your health. [potion of mutation]
  3460 | D:5      | Gained mutation: You have an increased reservoir of magic.
                  | (+10% MP) [potion of mutation]
  3460 | D:5      | Gained mutation: You expend magic power (3 MP) to
                  | strengthen your wands. [potion of mutation]
  3460 | D:5      | Gained mutation: You possess an exceptional clarity of
                  | mind. [potion of mutation]
  3461 | D:5      | Slain by a black bear

Illustrated notes

Levels and vault maps discovered:
D:1:      dpeg_arrival_solitude, layout_loops_ring, minmay_misc_feat_diagonals,
          minmay_misc_feat_five, minmay_hexomino_u4
D:2:      layout_loops_corners, basic_ecumenical_altar, minmay_tiny_reverse_x
D:3:      kennysheep_goblin_castle, layout_basic, fedhas_altar_2
D:4:      layout_rooms, marbit_many_paths, minmay_temple_entry_butterflies,
          serial_park_tiny_1, chequers_jeans, guppyfry_shop_venom
D:5:      layout_loops_ring, lemuel_tele_altar, minmay_shop_damaged,
          uniq_crazy_yiuf_cottage

Skill      XL: |  1  2  3  4  5 |
---------------+----------------+-----
Axes           | 4 5 |  5.9
Fighting       | 4 5 |  5.9
Armour         | 3 |  3.9
Dodging        | 3 |  3.6
Evocations     | 1 |  1.6
Throwing       | 1 |  1.7

Action                     |  1- 3 |  4- 6 |  7- 9 || total
---------------------------+-------+-------+-------++-------
  Melee: Hand axe          |   109 |    98 |     3 ||   210
         Headbutt          |    15 |    22 |       ||    37
         Punch             |     2 |     2 |       ||     4
 Invoke: Berserk           |     1 |     1 |       ||     2
         Trog's Hand       |     1 |     1 |       ||     2
    Use: Potion            |       |       |     3 ||     3
   Stab: Sleeping          |     1 |       |       ||     1
 Armour: Animal skin       |    17 |    12 |     1 ||    30
  Dodge: Dodged            |    58 |    61 |    16 ||   135
  Block: Other             |    11 |       |       ||    11
